[Event "International chess holiday M21"]
[Site "?"]
[Date "2017.07.27"]
[Round "8"]
[White "Kasparov, Sergey"]
[Black "Malinarski, Yehuda"]
[Result "1-0"]
[ECO "E87"]
[WhiteElo "2474"]
[BlackElo "2081"]
[Annotator "Koller,Martin"]
[PlyCount "69"]
[TimeControl "240+2"]

{279MB} 1. d4 Nf6 2. c4 g6 3. f3 d6 4. e4 Bg7 5. Nc3 O-O 6. Be3 e5 7. d5 a5 8.
Bd3 Na6 9. Nge2 b6 10. Qd2 Nc5 11. Bc2 Bd7 12. g4 a4 13. Ng3 a3 14. b3 Re8 15.
g5 Nh5 16. Nxh5 gxh5 17. Rg1 Kh8 18. Qf2 Rg8 19. Qh4 Bf8 20. Qxh5 Rg6 21. O-O-O
Be7 22. h4 Qc8 23. f4 exf4 24. Bxf4 Kg8 25. Qf3 Rb8 26. Be3 Qa6 27. Rdf1 Rf8
28. Qe2 Qa5 29. Bd4 Re8 30. Qf3 Rf8 31. e5 dxe5 32. Bxe5 Qa7 33. Bf6 Re8 34. h5
Bxf6 35. hxg6 1-0

[Event "International chess holiday M21"]
[Site "?"]
[Date "2017.07.27"]
[Round "8"]
[White "Lokander, Martin"]
[Black "Vojta, Tomas"]
[Result "0-1"]
[ECO "B05"]
[WhiteElo "2329"]
[BlackElo "2367"]
[Annotator "Koller,Martin"]
[PlyCount "50"]
[TimeControl "240+2"]

{279MB} 1. e4 Nf6 2. e5 Nd5 3. d4 d6 4. Nf3 Bg4 5. Be2 e6 6. c4 Nb6 7. exd6
cxd6 8. Nc3 Be7 9. Be3 O-O 10. d5 e5 11. Nd2 Bxe2 12. Qxe2 f5 13. f3 Bg5 14.
O-O Bxe3+ 15. Qxe3 N8d7 16. Rac1 a5 17. Nb5 Nc5 18. b3 Qd7 19. a3 Nxd5 20. cxd5
Qxb5 21. Nc4 f4 22. Qc3 Nxb3 23. Rb1 a4 24. Nd2 Rac8 25. Qb2 Qd3 0-1

[Event "International chess holiday M21"]
[Site "?"]
[Date "2017.07.27"]
[Round "8"]
[White "Houska, Jiri"]
[Black "Hartwig, Maik"]
[Result "1/2-1/2"]
[ECO "B06"]
[WhiteElo "2191"]
[BlackElo "2071"]
[Annotator "Koller,Martin"]
[PlyCount "109"]
[TimeControl "240+2"]

{279MB} 1. e4 g6 2. d4 Bg7 3. Nc3 d5 4. exd5 Nf6 5. Bc4 Nbd7 6. Nf3 O-O 7. O-O
Nb6 8. Bb3 a5 9. a4 Nbxd5 10. Nxd5 Nxd5 11. h3 b6 12. Re1 Bb7 13. Bg5 Nf6 14.
c3 h6 15. Bh4 Bd5 16. Bc2 c5 17. Qe2 Bxf3 18. Qxf3 cxd4 19. Rad1 Qc7 20. Rxd4
Rad8 21. Bg3 Qc5 22. Re5 Qc8 23. Rxd8 Qxd8 24. Rb5 Qd2 25. Qd1 Rd8 26. Qxd2
Rxd2 27. Bb3 Ne4 28. Bc7 e6 29. f3 Nf6 30. Bxb6 Rxb2 31. Bxa5 Nh5 32. Bc7 Bxc3
33. a5 Rb1+ 34. Kf2 Ra1 35. Bb6 Nf4 36. Be3 Nd5 37. Bxd5 exd5 38. Rxd5 Rxa5 39.
Rxa5 Bxa5 40. Bxh6 f6 41. Be3 g5 42. f4 Bd8 43. Kf3 Kf7 44. Kg4 gxf4 45. Kxf4
Kg6 46. g4 Bc7+ 47. Ke4 Bg3 48. Kf3 Be1 49. Bf2 Bxf2 50. Kxf2 f5 51. Kf3 fxg4+
52. hxg4 Kg5 neèitelné 1/2-1/2

[Event "International chess holiday K21"]
[Site "?"]
[Date "2017.07.27"]
[Round "8"]
[White "Vlkova, Anezka"]
[Black "Moerling, Joakim"]
[Result "1/2-1/2"]
[ECO "C11"]
[WhiteElo "1828"]
[BlackElo "2000"]
[Annotator "Koller,Martin"]
[PlyCount "107"]
[TimeControl "240+2"]

{279MB} 1. e4 e6 2. d4 d5 3. Nc3 Nf6 4. e5 Nfd7 5. f4 c5 6. Nf3 Nc6 7. Be3 cxd4
8. Nxd4 Bc5 9. Qd2 a6 10. O-O-O Nxd4 11. Bxd4 b5 12. Bxc5 Nxc5 13. f5 b4 14.
Ne2 Ne4 15. Qd4 b3 16. axb3 Qg5+ 17. Kb1 O-O 18. fxe6 fxe6 19. h4 Qe7 20. Re1
a5 21. Nc3 Ng3 22. Rg1 Nf5 23. Qd3 Qxh4 24. Be2 Ba6 25. Qh3 Qxh3 26. gxh3 Bxe2
27. Nxe2 Nh4 28. Nd4 Nf3 29. Nxf3 Rxf3 30. h4 a4 31. bxa4 Rxa4 32. h5 Rh3 33.
Rg5 Ra7 34. Reg1 Re7 35. R1g3 Rh1+ 36. Rg1 Rxg1+ 37. Rxg1 Rf7 38. h6 g6 39. b4
Rf4 40. c3 Rc4 41. Kb2 Kf7 42. Rf1+ Kg8 43. Ra1 d4 44. Ra8+ Kf7 45. Rh8 dxc3+
46. Kc2 g5 47. Rxh7+ Kg6 48. Re7 Kxh6 49. Rxe6+ Kg7 50. b5 g4 51. Rc6 Rb4 52.
Kxc3 Rxb5 53. Rc4 Rxe5 54. Rxg4+ 1/2-1/2

[Event "International chess holiday K21"]
[Site "?"]
[Date "2017.07.27"]
[Round "8"]
[White "Spindler, Markus"]
[Black "Sittinger, Lutz"]
[Result "0-1"]
[ECO "C53"]
[WhiteElo "1979"]
[BlackElo "1867"]
[Annotator "Koller,Martin"]
[PlyCount "98"]
[TimeControl "240+2"]

{279MB} 1. e4 e5 2. Nf3 Nc6 3. Bc4 Bc5 4. c3 d6 5. d4 exd4 6. cxd4 Bb4+ 7. Kf1
Ba5 8. Qb3 Qd7 9. d5 Ne5 10. Nxe5 dxe5 11. d6 c6 12. Na3 Nf6 13. f3 O-O 14. Bg5
Qxd6 15. Rd1 Qe7 16. Nc2 b5 17. Bxf6 Qxf6 18. Qa3 Bb6 19. Be2 Rd8 20. Rxd8+
Qxd8 21. Qd3 Be6 22. Qxd8+ Rxd8 23. b3 Rd2 24. Nb4 a5 25. Ke1 Be3 26. Nxc6 Rxa2
27. Ne7+ Kf8 28. Nd5 Bd4 29. Rf1 b4 30. f4 Ra1+ 31. Kd2 Rxf1 32. Bxf1 exf4 33.
Kc2 g5 34. h4 h6 35. hxg5 hxg5 36. Kd3 Be5 37. Kc4 Bxd5+ 38. Kxd5 Bc7 39. Kc6
Bd8 40. Kd7 Be7 41. Be2 Bf6 42. Bd1 Be5 43. Kc6 Bf6 44. Kd7 Kg7 45. Bh5 a4 46.
bxa4 b3 47. Be2 b2 48. Bd3 g4 49. Kd6 f3 0-1

[Event "International chess holiday K21"]
[Site "?"]
[Date "2017.07.27"]
[Round "8"]
[White "Rull, Michael"]
[Black "Schoenmakers, Nico"]
[Result "1-0"]
[ECO "D00"]
[WhiteElo "1805"]
[BlackElo "1808"]
[Annotator "Koller,Martin"]
[PlyCount "103"]
[TimeControl "240+2"]

{279MB} 1. d4 d5 2. Bf4 e6 3. e3 Bd6 4. Bg3 Nf6 5. c3 O-O 6. Nf3 b6 7. Nbd2 c5
8. Bd3 Ba6 9. Bxa6 Nxa6 10. Qe2 c4 11. e4 dxe4 12. Nxe4 Nxe4 13. Qxe4 Rc8 14.
Ng5 Qxg5 15. Bxd6 Rfe8 16. Qf4 Qd5 17. O-O-O Rcd8 18. Ba3 b5 19. Rhe1 Qb7 20.
Bc5 b4 21. cxb4 Nxb4 22. Bxb4 Qxb4 23. d5 Rb8 24. Rd2 exd5 25. Rxe8+ Rxe8 26.
Rxd5 Qa4 27. Re5 Rf8 28. Rc5 Rd8 29. Rd5 Rf8 30. Qc7 Qxa2 31. Ra5 Qb3 32. Rxa7
Qd3 33. Qg3 Qf1+ 34. Kc2 Qe2+ 35. Kb1 Qe4+ 36. Ka2 Qd5 37. Qf3 Qb5 38. Qb7 Qe5
39. Ra8 g6 40. Rxf8+ Kxf8 41. Qf3 Qa5+ 42. Qa3+ Qxa3+ 43. Kxa3 Ke7 44. Kb4 Kd6
45. Kxc4 Kc6 46. Kd4 f6 47. g4 h6 48. Ke4 Kc5 49. f4 Kd6 50. f5 g5 51. Kd4 Kc6
52. b4 1-0

[Event "International chess holiday K21"]
[Site "?"]
[Date "2017.07.27"]
[Round "8"]
[White "Kasparova, Tatiana"]
[Black "Ekberg, Karl"]
[Result "1-0"]
[ECO "B18"]
[WhiteElo "2190"]
[BlackElo "1848"]
[Annotator "Koller,Martin"]
[PlyCount "66"]
[TimeControl "240+2"]

{279MB} 1. e4 c6 2. d4 d5 3. Nd2 dxe4 4. Nxe4 Bf5 5. Ng3 Bg6 6. Nh3 e6 7. Nf4
Bd6 8. h4 Qc7 9. Nxg6 hxg6 10. Ne4 Bf4 11. g3 Bxc1 12. Qxc1 Ne7 13. Qd2 Nf5 14.
O-O-O Nd7 15. Ng5 Nf6 16. Bc4 Nd5 17. Qe2 O-O-O 18. c3 Kb8 19. Bb3 Rhe8 20.
Rhe1 Ka8 21. Qe5 Qd7 22. Qe2 Qe7 23. Bc2 Rd7 24. Ne4 b6 25. Ng5 Qd8 26. Nf3 Qc7
27. h5 e5 28. dxe5 Rde7 29. hxg6 fxg6 30. Qc4 Kb7 31. Be4 neèitelné 1-0

[Event "International chess holiday K21"]
[Site "?"]
[Date "2017.07.27"]
[Round "8"]
[White "Vojta, Jakub"]
[Black "Zacek, Petr"]
[Result "0-1"]
[ECO "C14"]
[WhiteElo "1945"]
[BlackElo "1939"]
[Annotator "Koller,Martin"]
[PlyCount "86"]
[TimeControl "240+2"]

{279MB} 1. e4 e6 2. d4 d5 3. Nc3 Nf6 4. Bg5 Be7 5. e5 Nfd7 6. h4 a6 7. Qg4 h5
8. Qf4 c5 9. Nf3 Nc6 10. Bd3 cxd4 11. Ne2 Nc5 12. O-O Nxd3 13. cxd3 f6 14. exf6
gxf6 15. Bh6 e5 16. Qc1 Kf7 17. Ng3 Kg6 18. Bd2 Qg8 19. Qc2 Be6 20. Rae1 Kf7
21. Kh2 Qg4 22. Qb3 Rab8 23. Qb6 Bd6 24. Kg1 Rhg8 25. Re2 Qg6 26. Bg5 Bg4 27.
Rc1 Bxf3 28. Rxc6 bxc6 29. Qa7+ Kf8 30. Rc2 fxg5 31. Rxc6 gxh4 32. Rxd6 Qxd6
33. Nf5 Qd8 34. Qh7 Rxg2+ 35. Kf1 Qf6 36. Qc7 Rxb2 37. Qc8+ Kf7 38. Nh6+ Qxh6
39. Qd7+ Kf6 40. Qc6+ Kf5 41. Qc8+ Qe6 42. Qf8+ Kg4 43. Qg7+ Kh3 0-1

[Event "International chess holiday K22"]
[Site "?"]
[Date "2017.07.27"]
[Round "8"]
[White "Pribyl, Jaroslav"]
[Black "Trebbin, Wolfhard"]
[Result "1-0"]
[ECO "D00"]
[WhiteElo "1951"]
[BlackElo "1947"]
[Annotator "Koller,Martin"]
[PlyCount "73"]
[TimeControl "240+2"]

{279MB} 1. d4 Nf6 2. Nc3 d5 3. e4 dxe4 4. f3 exf3 5. Nxf3 e6
6. Bg5 Be7 7. Bd3 h6 8. Bd2 c6 9. O-O Nbd7 10. Ne5 Nxe5 11. dxe5 Qd4+ 12. Kh1
Qxe5 13. Qf3 Bd6 14. g3 Qh5 15. Qg2 e5 16. Ne4 Nxe4 17. Qxe4 Be6 18. c4 Qg4 19.
Qg2 O-O-O 20. Be3 Bb8 21. Be4 Kc7 22. b3 f5 23. Bf3 Qg6 24. Qf2 b6 25. a4 e4
26. Be2 Kb7 27. a5 Bc7 28. axb6 axb6 29. Bxb6 Bxb6 30. c5 Ra8 31. cxb6 Qf6 32.
Ra4 Rxa4 33. bxa4 e3 34. Qxe3 Bd5+ 35. Kg1 h5 36. a5 c5 37. Qxc5 1-0

[Event "International chess holiday K22"]
[Site "?"]
[Date "2017.07.27"]
[Round "8"]
[White "Vorisek, Jakub"]
[Black "Michalek, Frantisek"]
[Result "1-0"]
[ECO "A42"]
[WhiteElo "1883"]
[BlackElo "2065"]
[Annotator "Koller,Martin"]
[PlyCount "81"]
[TimeControl "240+2"]

{279MB} 1. e4 c6 2. d4 g6 3. c4 Bg7 4. Nc3 d6 5. Be3 e5 6. dxe5 dxe5 7. Qxd8+
Kxd8 8. O-O-O+ Kc7 9. g3 Nf6 10. h3 h6 11. Kc2 Be6 12. b3 Nbd7 13. f4 Nh5 14.
Nge2 f5 15. Bg2 Bf6 16. fxe5 Bxe5 17. Nf4 Nxf4 18. gxf4 Bf6 19. e5 Be7 20. Ne2
Bf7 21. Nd4 Nf8 22. Bf3 Ne6 23. Rhg1 Nxd4+ 24. Bxd4 Rhg8 25. e6 Be8 26. Be5+
Kb6 27. b4 Bxb4 28. Rb1 c5 29. a3 Ba4+ 30. Kc1 a5 31. Bd5 g5 32. e7 Rge8 33.
Bd6 Rh8 34. Be5 Rh7 35. Bf6 Bd7 36. axb4 axb4 37. Kb2 g4 38. h4 h5 39. Rbd1 Be8
40. Be6 Rh6 41. Rd8 1-0

[Event "International chess holiday K22"]
[Site "?"]
[Date "2017.07.27"]
[Round "8"]
[White "Reichmann, Steffen"]
[Black "Philipp, Mathias"]
[Result "0-1"]
[ECO "C30"]
[WhiteElo "1968"]
[BlackElo "1982"]
[Annotator "Koller,Martin"]
[PlyCount "58"]
[TimeControl "240+2"]

{279MB} 1. e4 e5 2. f4 Bc5 3. Nf3 d6 4. Nc3 Nc6 5. Bc4 Bg4 6. Be2 exf4 7. g3
fxg3 8. hxg3 Nf6 9. d3 d5 10. Bg5 dxe4 11. Nxe4 Be7 12. Nf2 Qd5 13. Bf4 O-O-O
14. c4 Qa5+ 15. Kf1 Bc5 16. Rh2 Bxf2 17. Rxf2 Bh3+ 18. Kg1 Ng4 19. Bd2 Qb6 20.
Be1 Qe3 21. b4 Rhe8 22. Bf1 Bxf1 23. Kxf1 Nxf2 24. Bxf2 Qxd3+ 25. Qxd3 Rxd3 26.
Ne1 Rd2 27. Nf3 Rc2 28. b5 Ne5 29. Re1 Rxf2+ 0-1

[Event "International chess holiday K22"]
[Site "?"]
[Date "2017.07.27"]
[Round "8"]
[White "Hammerman, Christian"]
[Black "Sniegon, Adam"]
[Result "0-1"]
[ECO "B13"]
[WhiteElo "1836"]
[BlackElo "1740"]
[Annotator "Koller,Martin"]
[PlyCount "72"]
[TimeControl "240+2"]

{279MB} 1. e4 c6 2. d4 d5 3. exd5 cxd5 4. Bd3 Nc6 5. c3 Nf6 6. Bf4 Bg4 7. Qb3
Qc8 8. Nd2 e6 9. Ngf3 Be7 10. O-O O-O 11. Rfe1 Nh5 12. Be3 Bd6 13. Qc2 Nf6 14.
Bg5 h6 15. Bxf6 gxf6 16. h3 Bxf3 17. Nxf3 Kg7 18. Qd2 Qc7 19. Bc2 Ne7 20. Qd3
Rh8 21. Nh4 Rag8 22. Re2 Kf8 23. Qf3 Bf4 24. Qd3 Rg7 25. Rae1 Rhg8 26. g4 h5
27. f3 Bg3 28. Ng2 Bxe1 29. Rxe1 hxg4 30. fxg4 f5 31. Re5 Rg5 32. Qe3 Nc6 33.
Nf4 Nxe5 34. dxe5 Qb6 35. Qxb6 axb6 36. Kf2 fxg4 0-1

[Event "International chess holiday K22"]
[Site "?"]
[Date "2017.07.27"]
[Round "8"]
[White "Sedlak, Ludek"]
[Black "Kovar, Jan"]
[Result "1-0"]
[ECO "D45"]
[WhiteElo "1935"]
[BlackElo "1870"]
[Annotator "Koller,Martin"]
[PlyCount "143"]
[TimeControl "240+2"]

{279MB} 1. c4 e6 2. Nc3 d5 3. d4 c6 4. e3 Nf6 5. Nf3 Nbd7 6. cxd5 exd5 7. Bd3
Bd6 8. Bd2 O-O 9. Rc1 Re8 10. Qc2 Nf8 11. h3 Qe7 12. a3 Ne4 13. b4 a6 14. Na4
f5 15. Nb6 Rb8 16. Nxc8 Rbxc8 17. O-O g5 18. Bxe4 fxe4 19. Nh2 h5 20. Be1 Nd7
21. g3 Rf8 22. f4 Rf7 23. Kh1 Rcf8 24. Rg1 Rg7 25. Bf2 Qe6 26. h4 gxh4 27. gxh4
Be7 28. Rxg7+ Kxg7 29. Rg1+ Kh6 30. Qd1 Rg8 31. Rg5 Bxg5 32. hxg5+ Kg6 33. Kg2
Nb6 34. Nf1 Nc4 35. Ng3 Qg4 36. Qxg4 hxg4 37. a4 Nb2 38. a5 Nd3 39. Ne2 Nxb4
40. Be1 Nd3 41. Bc3 Rh8 42. Kg3 Kf5 43. Kg2 Rh3 44. Ng3+ Kg6 45. Bd2 Nb2 46.
Bb4 Nc4 47. f5+ Kxg5 48. Be7+ Kh6 49. f6 Rxg3+ 50. Kxg3 Kg6 51. Kxg4 Nxe3+ 52.
Kf4 Nc4 53. Bd8 Kf7 54. Kg3 Nd6 55. Kf4 Ne8 56. Kf5 e3 57. Be7 Nxf6 58. Bxf6 e2
59. Bh4 e1=Q 60. Bxe1 Ke7 61. Bg3 Kd7 62. Kf4 c5 63. dxc5 Kc6 64. Bf2 Kb5 65.
Ke5 Kxa5 66. Kxd5 Kb5 67. Kd6 a5 68. Kc7 Ka6 69. Bd4 a4 70. Bb2 Kb5 71. Ba3 Ka6
72. Kb8 1-0

[Event "International chess holiday M21"]
[Site "?"]
[Date "2017.07.28"]
[Round "9"]
[White "Vojta, Tomas"]
[Black "Hogeman, Joel"]
[Result "1/2-1/2"]
[ECO "C01"]
[WhiteElo "2367"]
[BlackElo "2091"]
[Annotator "Koller,Martin"]
[PlyCount "84"]
[TimeControl "240+2"]

{279MB} 1. e4 e6 2. d4 d5 3. exd5 exd5 4. Bd3 c5 5. dxc5 Bxc5 6. Nf3 Nf6 7. O-O
O-O 8. Bg5 Nc6 9. c3 Re8 10. Nbd2 Bg4 11. Qc2 h6 12. Bh4 g5 13. Bg3 Bb6 14.
Rae1 Nh5 15. Rxe8+ Qxe8 16. Re1 Qf8 17. Bf5 Bxf3 18. Nxf3 Nxg3 19. hxg3 Re8 20.
Rxe8 Qxe8 21. Qd2 Ne5 22. Bc2 Nxf3+ 23. gxf3 Qe5 24. Kg2 d4 25. c4 h5 26. Qd3
Qg7 27. Qf5 h4 28. Qc8+ Qf8 29. Qxf8+ Kxf8 30. Be4 Ke7 31. b4 Ke6 32. Bxb7 d3
33. Be4 d2 34. Bc2 Bd8 35. f4 gxf4 36. gxh4 Bxh4 37. Kf3 Ke5 38. c5 Kd4 39. c6
Bd8 40. Bb3 Kc3 41. Ke2 Kxb4 42. Kxd2 Bc7 1/2-1/2

[Event "International chess holiday M21"]
[Site "?"]
[Date "2017.07.28"]
[Round "9"]
[White "Dock, Lars"]
[Black "Lokander, Martin"]
[Result "0-1"]
[ECO "A16"]
[WhiteElo "2027"]
[BlackElo "2329"]
[Annotator "Koller,Martin"]
[PlyCount "42"]
[TimeControl "240+2"]

{279MB} 1. Nf3 g6 2. c4 Bg7 3. Nc3 Nf6 4. g3 d5 5. cxd5 Nxd5 6. Bg2 Nb6 7. O-O
Nc6 8. b3 O-O 9. Bb2 a5 10. a3 a4 11. Nxa4 Nxa4 12. Bxg7 Kxg7 13. bxa4 Bd7 14.
Qb3 Ra7 15. Rac1 e5 16. Rc5 b6 17. Rcc1 Qf6 18. d3 Rfa8 19. Qd5 Be8 20. Rc4 e4
21. Nd4 Rd8 0-1

[Event "International chess holiday M21"]
[Site "?"]
[Date "2017.07.28"]
[Round "9"]
[White "Malinarski, Yehuda"]
[Black "Hentzgen, Thomas"]
[Result "1/2-1/2"]
[ECO "B33"]
[WhiteElo "2081"]
[BlackElo "2015"]
[Annotator "Koller,Martin"]
[PlyCount "40"]
[TimeControl "240+2"]

{279MB} 1. e4 c5 2. Nf3 Nc6 3. d4 cxd4 4. Nxd4 Nf6 5. Nc3 e5 6. Ndb5 d6 7. Bg5
a6 8. Bxf6 gxf6 9. Na3 b5 10. Nd5 Bg7 11. c3 f5 12. exf5 Bxf5 13. Nc2 O-O 14.
Nce3 Be6 15. g4 Rb8 16. Bg2 Ne7 17. O-O Nxd5 18. Bxd5 Bh6 19. Qf3 Qh4 20. Nf5
Bxd5 1/2-1/2

[Event "International chess holiday M21"]
[Site "?"]
[Date "2017.07.28"]
[Round "9"]
[White "Hartwig, Mail"]
[Black "Kasparov, Sergey"]
[Result "0-1"]
[ECO "A58"]
[WhiteElo "2097"]
[BlackElo "2474"]
[Annotator "Koller,Martin"]
[PlyCount "144"]
[TimeControl "240+2"]

{279MB} 1. d4 c5 2. d5 Nf6 3. c4 b5 4. cxb5 a6 5. bxa6 g6 6. Nc3 Bg7 7. e4 O-O
8. Be2 Qa5 9. Bd2 Bxa6 10. e5 Ne8 11. Nf3 d6 12. e6 f5 13. h4 h6 14. O-O Nf6
15. Ne4 Bxe2 16. Qxe2 Qa6 17. Nxf6+ Rxf6 18. Qd1 Qd3 19. Bc3 Qxd1 20. Rfxd1 Rf8
21. a4 Na6 22. Nd2 Rfb8 23. Nc4 Nc7 24. Rd3 Ra6 25. f4 Kh7 26. Bxg7 Kxg7 27.
Raa3 Rb4 28. b3 Na8 29. g3 Kf6 30. Kf2 Nb6 31. Nxb6 Raxb6 32. Ke3 g5 33. hxg5+
hxg5 34. a5 Ra6 35. Ra4 Rb5 36. Rc3 Raxa5 37. Kd3 c4+ 38. bxc4 Rxd5+ 39. cxd5
Rxa4 40. Rc4 Ra3+ 41. Rc3 Ra1 42. Ke3 gxf4+ 43. gxf4 Re1+ 44. Kd3 Rd1+ 45. Kc4
Rf1 46. Kb5 Rxf4 47. Kc6 Rg4 48. Kd7 Ra4 49. Rc8 Ra7+ 50. Kc6 f4 51. Rf8+ Ke5
52. Rf7 Ra6+ 53. Kb5 Ra1 54. Rxe7 Kxd5 55. Kb6 Re1 56. Rf7 Kxe6 57. Rxf4 Rc1
58. Kb5 Ke5 59. Rh4 d5 60. Kb4 d4 61. Rh8 d3 62. Rd8 Ke4 63. Re8+ Kf3 64. Rf8+
Ke2 65. Re8+ Kd1 66. Rd8 d2 67. Kb3 Rc7 68. Kb2 Rb7+ 69. Ka2 Re7 70. Rh8 Kc2
71. Rc8+ Kd3 72. Rd8+ Ke2 0-1

[Event "International chess holiday M21"]
[Site "?"]
[Date "2017.07.28"]
[Round "9"]
[White "Thomasson, Staffan"]
[Black "Houska, Jiri"]
[Result "0-1"]
[ECO "A45"]
[WhiteElo "1921"]
[BlackElo "2191"]
[Annotator "Koller,Martin"]
[PlyCount "94"]
[TimeControl "240+2"]

{279MB} 1. d4 Nf6 2. Bg5 Ne4 3. Bf4 e6 4. f3 Bd6 5. Bxd6 Nxd6 6. Nc3 O-O 7. e4
f5 8. Bd3 Nc6 9. e5 Nf7 10. Nge2 Nxd4 11. f4 Nxe2 12. Qxe2 d6 13. O-O-O dxe5
14. fxe5 Qd4 15. Rhe1 Qf4+ 16. Kb1 Qxh2 17. Nb5 Bd7 18. Nd4 Rad8 19. Nxf5 exf5
20. e6 Bxe6 21. Qxe6 g6 22. Bc4 Qh4 23. Rh1 Kg7 24. b3 Rxd1+ 25. Rxd1 Qf6 26.
Qe3 Nd6 27. Qxa7 Nxc4 28. bxc4 Qb6+ 29. Qxb6 cxb6 30. Rd6 Rf6 31. Rd7+ Rf7 32.
Rd6 Kh6 33. Rxb6 Kg5 34. Kc1 Kg4 35. Rb3 f4 36. c5 g5 37. a4 h5 38. a5 Rc7 39.
Rc3 Rc6 40. Kd2 Re6 41. Rd3 h4 42. Kc3 Kf5 43. Kc4 g4 44. Rd5+ Ke4 45. Rg5 g3
46. Rh5 Ke3 47. Rxh4 f3 0-1

[Event "International chess holiday K21"]
[Site "?"]
[Date "2017.07.28"]
[Round "9"]
[White "Sittinger, Lutz"]
[Black "Rull, Michael"]
[Result "1-0"]
[ECO "B44"]
[WhiteElo "1867"]
[BlackElo "1805"]
[Annotator "Koller,Martin"]
[PlyCount "99"]
[TimeControl "240+2"]

{279MB} 1. e4 c5 2. Nf3 Nc6 3. d4 cxd4 4. Nxd4 e5 5. Nb5 d6 6. Be3 Nf6 7. Nd2
a6 8. Nc3 d5 9. exd5 Nxd5 10. Nxd5 Qxd5 11. Nb3 Be6 12. Qxd5 Bxd5 13. c3 O-O-O
14. f3 Be7 15. Be2 Nb8 16. O-O-O Be6 17. Kb1 Bf5+ 18. Ka1 h6 19. Rxd8+ Rxd8 20.
Rd1 Bc2 21. Rxd8+ Bxd8 22. Nd2 Bg5 23. Bxg5 hxg5 24. Nc4 f6 25. Nd6+ Kc7 26.
Ne8+ Kd7 27. Nxg7 Bg6 28. Bc4 e4 29. fxe4 Bxe4 30. g3 Nc6 31. Be6+ Ke7 32. Bf5
Bxf5 33. Nxf5+ Ke6 34. Ne3 Ne5 35. Kb1 Nf3 36. Nf1 Kf5 37. Kc2 Kg4 38. Kd3 Kh3
39. Ke3 Kg2 40. Ke2 g4 41. Ne3+ Kh3 42. Kf2 Nxh2 43. Nd5 Nf3 44. Nxf6 Ne5 45.
b4 Nd3+ 46. Ke3 Nc1 47. Nh5 b6 48. Kd2 Nxa2 49. Kc2 a5 50. bxa5 1-0

[Event "International chess holiday K21"]
[Site "?"]
[Date "2017.07.28"]
[Round "9"]
[White "Ekberg, Karl"]
[Black "Vojta, Jakub"]
[Result "1-0"]
[ECO "D07"]
[WhiteElo "1848"]
[BlackElo "1945"]
[Annotator "Koller,Martin"]
[PlyCount "61"]
[TimeControl "240+2"]

{279MB} 1. d4 d5 2. c4 Nc6 3. Nc3 Nf6 4. Nf3 dxc4 5. Bg5 Bg4 6. d5 Bxf3 7. exf3
Ne5 8. Qd4 Ned7 9. Bxc4 c5 10. Qe3 Qb6 11. O-O-O O-O-O 12. Rhe1 h6 13. Bf4 Qb4
14. b3 g5 15. Be5 a6 16. Kb2 Bg7 17. a3 Qa5 18. Ra1 Nxd5 19. Bxd5 Nxe5 20. Qe4
Kb8 21. b4 cxb4 22. axb4 Qb6 23. Kb3 a5 24. Na4 Qb5 25. Nc5 axb4 26. Bxb7 f5
27. Qxf5 Nd3 28. Na6+ Qxa6 29. Bxa6 Bxa1 30. Rxa1 Ka7 31. Qb5 1-0

[Event "International chess holiday K21"]
[Site "?"]
[Date "2017.07.28"]
[Round "9"]
[White "Zacek, Petr"]
[Black "Vlkova, Anezka"]
[Result "1/2-1/2"]
[ECO "A26"]
[WhiteElo "1939"]
[BlackElo "1828"]
[Annotator "Koller,Martin"]
[PlyCount "45"]
[TimeControl "240+2"]

{279MB} 1. c4 e5 2. Nc3 Nc6 3. g3 g6 4. Bg2 Bg7 5. e4 d6 6. d3 Nge7 7. Nge2 O-O
8. O-O f5 9. Be3 Be6 10. f4 fxe4 11. Nxe4 Nf5 12. Bd2 Rb8 13. Ng5 Ncd4 14. Nxd4
Nxd4 15. fxe5 Bxe5 16. Nxe6 Rxf1+ 17. Qxf1 Nxe6 18. Bd5 Qd7 19. Qh3 Re8 20. Re1
c6 21. Bxe6+ Qxe6 22. Qxe6+ Rxe6 23. h3 1/2-1/2

[Event "International chess holiday K21"]
[Site "?"]
[Date "2017.07.28"]
[Round "9"]
[White "Schoenmakers, Nico"]
[Black "Kasparova, Tatiana"]
[Result "0-1"]
[ECO "B01"]
[WhiteElo "1808"]
[BlackElo "2190"]
[Annotator "Koller,Martin"]
[PlyCount "78"]
[TimeControl "240+2"]

{279MB} 1. e4 d5 2. exd5 Qxd5 3. Nc3 Qd6 4. Bc4 Nf6 5. d3 a6 6. Nge2 b5 7. Bb3
Bb7 8. f3 e6 9. Bf4 Qb6 10. a4 c5 11. axb5 axb5 12. Rxa8 Bxa8 13. Be3 Nc6 14.
Ne4 Be7 15. c3 O-O 16. N2g3 Rd8 17. Qe2 Ne5 18. d4 Nxe4 19. Nxe4 Bxe4 20. fxe4
cxd4 21. Bxd4 Rxd4 22. cxd4 Qxd4 23. Bc2 Bb4+ 24. Kf1 Qxb2 25. g3 Nc4 26. Bd3
Qc1+ 27. Kg2 Ne3+ 28. Kf3 Qxh1+ 29. Kxe3 Bc5+ 30. Kd2 b4 31. Kc2 Qa1 32. Kb3
Qc3+ 33. Ka4 b3 34. Kb5 Qb4+ 35. Kc6 Qb6+ 36. Kd7 Qb7+ 37. Kd8 Bb6+ 38. Ke8
Qc8+ 39. Ke7 Bc5# 0-1

[Event "International chess holiday K21"]
[Site "?"]
[Date "2017.07.28"]
[Round "9"]
[White "Moerling, Joakim"]
[Black "Spindler, Markus"]
[Result "1-0"]
[ECO "A90"]
[WhiteElo "2000"]
[BlackElo "1979"]
[Annotator "Koller,Martin"]
[PlyCount "92"]
[TimeControl "240+2"]

{279MB} 1. d4 e6 2. c4 f5 3. Nf3 Nf6 4. g3 d5 5. Bg2 Bd6 6. O-O O-O 7. b3 b6 8.
Ba3 Bxa3 9. Nxa3 Bb7 10. b4 a5 11. b5 Qe7 12. Qd3 Nbd7 13. Nc2 Ne4 14. Ne3 g5
15. Rac1 Rac8 16. Nd2 Qg7 17. f3 Nxd2 18. Qxd2 f4 19. Nd1 dxc4 20. e4 Rcd8 21.
Rxc4 Ne5 22. Rc3 g4 23. Qc2 Nxf3+ 24. Bxf3 gxf3 25. Rfxf3 Qxd4+ 26. Nf2 e5 27.
Rxc7 Bc8 28. Kg2 Kh8 29. Rd3 f3+ 30. Rxf3 Rxf3 31. Kxf3 Rf8+ 32. Kg2 Be6 33.
Qe2 Bd7 34. Nh3 Bg4 35. Qxg4 Qd2+ 36. Kh1 Rg8 37. Rc8 Qe1+ 38. Ng1 Rxc8 39.
Qxc8+ Kg7 40. Qg4+ Kf7 41. Qf5+ Kg8 42. Qxe5 Qb1 43. Qd5+ Kg7 44. e5 Qf5 45. g4
Qf4 46. Qd7+ Kf8 1-0

[Event "International chess holiday K22"]
[Site "?"]
[Date "2017.07.28"]
[Round "9"]
[White "Philipp, Mathias"]
[Black "Vorisek, Jakub"]
[Result "1-0"]
[ECO "B22"]
[WhiteElo "1982"]
[BlackElo "1883"]
[Annotator "Koller,Martin"]
[PlyCount "55"]
[TimeControl "240+2"]

{279MB} 1. e4 c5 2. Nf3 Nc6 3. c3 d5 4. exd5 Qxd5 5. d4 Bg4 6. dxc5 Qxd1+ 7.
Kxd1 e5 8. b4 e4 9. h3 Bxf3+ 10. gxf3 exf3 11. Bf4 Nge7 12. Kc2 Ng6 13. Bc7 Rc8
14. Bg3 a5 15. Bb5 Be7 16. Nd2 axb4 17. cxb4 O-O 18. Bxc6 Rxc6 19. Nc4 f5 20.
Ne5 Nxe5 21. Bxe5 b6 22. Rhe1 Rf7 23. a4 bxc5 24. b5 Rb6 25. Bc7 Rb7 26. b6 c4
27. a5 Bc5 28. Re8+ 1-0

[Event "International chess holiday K22"]
[Site "?"]
[Date "2017.07.28"]
[Round "9"]
[White "Michalek, Frantisek"]
[Black "Hammerman, Christian"]
[Result "1-0"]
[ECO "B06"]
[WhiteElo "2065"]
[BlackElo "1836"]
[Annotator "Koller,Martin"]
[PlyCount "75"]
[TimeControl "240+2"]

{279MB} 1. e4 g6 2. d4 Bg7 3. Nc3 d6 4. Nf3 a6 5. a4 Nd7 6. Be2 Ngf6 7. h3 O-O
8. Bf4 c5 9. d5 Qb6 10. Rb1 Nxe4 11. Nxe4 Qb4+ 12. Nfd2 Qxa4 13. c4 Qa5 14. O-O
Ne5 15. Bg5 f5 16. Nc3 Qc7 17. f4 Nf7 18. Bh4 e5 19. dxe6 Bxe6 20. Bf3 Bxc3 21.
bxc3 Rab8 22. Re1 Rfe8 23. Rb2 b5 24. cxb5 axb5 25. Qb1 b4 26. cxb4 cxb4 27.
Rc1 Qa5 28. Nb3 Qa3 29. Bf2 Rbc8 30. Nd4 Rxc1+ 31. Qxc1 Bd7 32. Bd5 Rc8 33. Qd2
Rb8 34. Rb3 Qa5 35. Nc6 Bxc6 36. Bxc6 Rc8 37. Bd5 Kf8 38. Rxb4 1-0

[Event "International chess holiday K22"]
[Site "?"]
[Date "2017.07.28"]
[Round "9"]
[White "Sniegon, Adam"]
[Black "Sedlak, Ludek"]
[Result "1/2-1/2"]
[ECO "D36"]
[WhiteElo "1740"]
[BlackElo "1935"]
[Annotator "Koller,Martin"]
[PlyCount "80"]
[TimeControl "240+2"]

{279MB} 1. d4 Nf6 2. Bg5 d5 3. c4 h6 4. Bh4 e6 5. Nc3 Be7 6. e3 O-O 7. Nf3 Nbd7
8. cxd5 exd5 9. Bd3 c6 10. Qc2 Re8 11. O-O Ne4 12. Bxe4 Bxh4 13. Bd3 Bf6 14. b4
Nb6 15. h3 Bd7 16. Rab1 Nc4 17. Bxc4 dxc4 18. b5 Qc8 19. bxc6 Qxc6 20. Rfc1 g6
21. d5 Qd6 22. Ne4 Rxe4 23. Qxe4 Bf5 24. Qxc4 Bxb1 25. Rxb1 Qd7 26. Qb5 Qxb5
27. Rxb5 Rb8 28. e4 a6 29. Rb1 b5 30. Rc1 a5 31. e5 Bd8 32. d6 Kf8 33. Nd4 Ke8
34. e6 fxe6 35. Re1 Kd7 36. Rxe6 Bb6 37. Re4 Kxd6 38. Nxb5+ Kd7 39. a4 Rc8 40.
Kf1 Rc1+ 1/2-1/2